 Dungeon Crawl Stone Soup version 0.30-a0-778-g2ef04afb54 (webtiles) character file.

Game seed: 8753597647278236564

4412 Newt the Skirmisher (level 10, -4/59 HPs)
             Began as a Kobold Hunter on Feb 15, 2023.
             Was a Follower of Hepliaklqana.
             Slain by a wyvern (8 damage)
             ... on level 8 of the Dungeon.
             The game lasted 00:08:57 (9679 turns).

Newt the Skirmisher (Kobold Hunter)                 Turns: 9679, Time: 00:08:57

Health: -4/59      AC: 10    Str:  8    XL:     10   Next: 62%
Magic:  10/10      EV: 19    Int: 11    God:    Hepliaklqana [*.....]
Gold:   511        SH:  5    Dex: 23    Spells: 6/9 levels left

rFire   . . .      SeeInvis .    i - +2 sling (freeze)
rCold   + . .      Faith    .    (no shield)
rNeg    . . .      Spirit   .    u - +3 ring mail {rC+}
rPois   .          Reflect  +    p - +1 hat
rElec   .          Harm     .    (no cloak)
rCorr   .          Rampage  .    (no gloves)
Will    .....                    (no boots)
Stlth   +++                      b - amulet of reflection
HPRegen 0.29/turn                (no ring)
MPRegen 0.12/turn                (no ring)

@: hasted, very quick
A: reduced essence, small, no large weapons, nightstalker 3
a: Renounce Religion, Recall Ancestor, Ancestor Identity


You were on level 8 of the Dungeon.
You worshipped Hepliaklqana.
Hepliaklqana was aware of your devotion.
You visited 2 branches of the dungeon, and saw 9 of its levels.

You collected 511 gold pieces.

Inventory:

Hand Weapons
 a - a +0 shortbow
 i - a +2 sling of freezing (weapon)
 A - a +2 heavy sling
Armour
 c - a +0 leather armour
 p - a +1 hat (worn)
 u - a +3 ring mail of cold resistance (worn)
Jewellery
 b - an amulet of reflection (around neck)
 f - an amulet of magic regeneration
 v - a ring of fire
 y - an amulet of faith
Wands
 t - a wand of light (26)
 z - a wand of flame (6)
 B - a wand of charming (5)
Scrolls
 d - a scroll of enchant armour
 e - 4 scrolls of teleportation
 h - 3 scrolls of immolation
 l - a scroll of fear
 q - 2 scrolls of blinking
 x - 2 scrolls of amnesia
Potions
 g - a potion of attraction
 j - a potion of might {unknown}
 k - 2 potions of degeneration
 n - 5 potions of curing
 r - a potion of flight {unknown}
 s - a potion of haste
 w - a potion of berserk rage


   Skills:
 - Level 9.0 Fighting
 - Level 10.0 Ranged Weapons
 + Level 5.8 Armour
 - Level 10.0 Dodging
 - Level 1.3 Stealth


You had 6 spell levels left.
You knew the following spells:

 Your Spells              Type           Power      Damage    Failure   Level
a - Frozen Ramparts       Ice            0%         1d1       96%         3

Your spell library contained the following spells:

 Spells                   Type           Power      Damage    Failure   Level
 Animate Armour           Summ/Erth      0%         N/A       100%        4
 Ice Form                 Ice/Tmut       0%         N/A       100%        4
 Summon Ice Beast         Ice/Summ       0%         N/A       100%        4
 Blade Hands              Tmut           0%         N/A       100%        5
 Iron Shot                Conj/Erth      0%         9d1       100%        6


Dungeon Overview and Level Annotations

Branches:
Dungeon (8/15)             Temple (1/1) D:6
   Lair: D:8-11

Altars:
Ashenzari
Cheibriados
Dithmenos
Elyvilon
Fedhas
Gozag
Hepliaklqana
Kikubaaqudgha
Makhleb
Nemelex Xobeh
Okawaru
Qazlal
Ru
Sif Muna
Trog
Uskayaw
Vehumet
Wu Jian
Xom
Yredelemnul
Zin
The Shining One

Shops:
D:1 =   D:5 (


Innate Abilities, Weirdness & Mutations

Your life essence is reduced to manifest your ancestor. (-10% HP)
You are small and have problems with some larger weapons.
You are completely attuned to the shadows.


Message History

* * * LOW HITPOINT WARNING * * *
The wyvern misses you.
You clumsily bash the yak but do no damage.
The yak is moderately wounded.
The yak gores you.
* * * LOW HITPOINT WARNING * * *
The wyvern misses you.
You clumsily bash the yak but do no damage.
The yak is moderately wounded.
The wyvern misses you. The yak gores you.
* * * LOW HITPOINT WARNING * * *
The wyvern misses you.
You completely miss the yak.
The yak is moderately wounded.
You feel less invigorated.
You feel less confused. You block the yak's attack. The wyvern bites you!
* * * LOW HITPOINT WARNING * * *
You shoot a sling bullet.
The sling bullet hits the yak but does no damage.
The yak is moderately wounded.
The wyvern misses you. The yak gores you but does no damage.
You shoot a sling bullet. The sling bullet hits the yak!
The sling bullet freezes the yak.
The yak is heavily wounded.
The wyvern closely misses you.
You shoot a sling bullet. The sling bullet hits the yak.
The sling bullet freezes the yak.
The yak is heavily wounded.
The yak completely misses you. The wyvern misses you.
You shoot a sling bullet.
The sling bullet hits the yak but does no damage.
The yak is heavily wounded.
The wyvern completely misses you. The yak gores you.
* * * LOW HITPOINT WARNING * * *
You shoot a sling bullet. The sling bullet hits the yak!
The sling bullet freezes the yak.
You kill the yak!
The wyvern bites you!
You die...

...## .
.....####
#.......#
.#.....#.
..#...#..
...#.#...
#####.....
#...#.####
#.†#..# ..
#@#...#
#.####lc..#
...lc.h..##
#...h....#
.P.#S###.#
...#.# ..:
.../># ##
.....#
.....#


You could see a wyvern, a centaur and a howler monkey.

Vanquished Creatures
  A troll (D:5)
  Sigmund (D:3)
  A wraith (D:6)
  A yak (D:8)
  2 water moccasins (D:8)
  An orc warrior (D:8)
  2 sky beasts
  2 black bears
  6 ogres
  3 phantoms
  2 kobold brigands (D:6)
  A necrophage (D:7)
  4 bullfrogs
  3 scorpions
  2 wyvern zombies (D:7)
  A water moccasin zombie (D:7)
  13 wights
  A bullfrog zombie (D:7)
  3 centaur zombies (D:7)
  4 jellies
  An orc priest (D:4)
  5 hounds
  3 iguanas
  5 orc wizards
  2 killer bee zombies (D:7)
  12 gnolls
  A howler monkey zombie (D:7)
  10 adders
  2 shadow imps
  3 ufetubi
  2 worms
  5 dart slugs
  21 orcs
  8 ball pythons
  8 endoplasms
  2 giant cockroaches
  8 goblins
  6 hobgoblins
  8 jackals
  6 quokkas
  3 bats
  3 frilled lizards
  13 kobolds
  4 rats (D:2)
195 creatures vanquished.

Vanquished Creatures (others)
  An ancestor (D:8)
  3 fungi
  13 plants
  3 withered plants (D:7)
20 creatures vanquished.

Grand Total: 215 creatures vanquished

Notes
Turn   | Place    | Note
-------+----------+-------------------------------------------
     0 | D:1      | Newt the Kobold Hunter began the quest for the Orb.
     0 | D:1      | Reached XP level 1. HP: 12/12 MP: 1/1
   151 | D:1      | Reached XP level 2. HP: 18/18 MP: 2/2
   307 | D:1      | Found Umiehagh's Jewellery Boutique.
   751 | D:1      | Reached XP level 3. HP: 16/23 MP: 3/3
  1289 | D:2      | Reached XP level 4. HP: 30/30 MP: 4/4
  1392 | D:3      | Reached skill level 5 in Fighting
  1533 | D:3      | Reached XP level 5. HP: 30/35 MP: 5/5
  2106 | D:3      | Found a faded altar of an unknown god.
  2145 | D:3      | Noticed Sigmund
  2159 | D:3      | Killed Sigmund
  2160 | D:3      | Reached XP level 6. HP: 27/40 MP: 6/6
  3020 | D:4      | Reached XP level 7. HP: 40/44 MP: 7/7
  3841 | D:4      | Reached skill level 10 in Ranged Weapons
  4354 | D:5      | Entered Level 5 of the Dungeon
  4768 | D:5      | Found Ycovunar's Antique Weapon Boutique.
  4780 | D:5      | Reached XP level 8. HP: 45/49 MP: 8/8
  4929 | D:5      | Reached skill level 5 in Dodging
  5104 | D:5      | Noticed a troll
  5502 | D:5      | Killed a troll
  5801 | D:5      | Reached XP level 9. HP: 54/54 MP: 9/9
  6157 | D:6      | Found a staircase to the Ecumenical Temple.
  6173 | Temple   | Entered the Ecumenical Temple
  6481 | Temple   | Became a worshipper of Hepliaklqana the Forgotten
  6699 | D:6      | Reached skill level 10 in Dodging
  7954 | D:7      | Reached XP level 10. HP: 36/64 MP: 10/10
  8090 | D:7      | Reached skill level 1 in Armour
  8275 | D:7      | Found an ancient bone altar of Kikubaaqudgha.
  8277 | D:7      | Found a blossoming altar of Fedhas.
  8278 | D:7      | Found a glowing golden altar of the Shining One.
  8282 | D:7      | Found a hide-covered altar of Uskayaw.
  8284 | D:7      | Found a snail-covered altar of Cheibriados.
  8286 | D:7      | Found a burning altar of Makhleb.
  8289 | D:7      | Found a broken altar of Ashenzari.
  8294 | D:7      | Found a sparkling altar of Nemelex Xobeh.
  8295 | D:7      | Found a shimmering blue altar of Sif Muna.
  8977 | D:7      | Learned a level 3 spell: Frozen Ramparts
  9159 | D:7      | Reached skill level 5 in Armour
  9554 | D:8      | Reached * piety under Hepliaklqana
  9566 | D:8      | Identified the +0 scale mail of Negligence {rCorr Int+3}
  9679 | D:8      | Slain by a wyvern

Illustrated notes

Levels and vault maps discovered:
D:1:      dpeg_cavernosity, layout_rooms, serial_shops, shop
D:2:      layout_rooms
D:3:      cheibrodos_old_hovel, layout_basic, hellmonk_ecumenical_altar_blasted,
          uniq_sigmund
D:4:      layout_loops_ring
D:5:      minmay_clustersquares, layout_basic, serial_shops,
          nicolae_diamond_shop
D:6:      cheibrodos_barr_body, layout_basic, minmay_temple_entry_wispy,
          patterned_corridor
D:7:      layout_rooms, nicolae_overflow_hallway_of_the_gods, serial_undead,
          serial_undead_e, serial_undead_a, serial_undead_b, serial_undead_f,
          serial_undead_a, minivault_19
D:8:      layout_loops_ring, minmay_lair_entry_grove, mrwooster_statue_mirror,
          hangedman_decor_diamond_cutter, kennysheep_generic_room_10
Temple:   nicolae_temple_bog_church

Skill      XL: |  1  2  3  4  5  6  7  8  9 10 |
---------------+-------------------------------+-----
Fighting       | 3 4 5 9 |  9.0
Ranged Weapons | 8 9 10 | 10.0
Dodging        | 4 8 10 | 10.0
Armour         | 5 |  5.8
Stealth        | |  1.3

Action                     |  1- 3 |  4- 6 |  7- 9 | 10-12 || total
---------------------------+-------+-------+-------+-------++-------
  Melee: Sling             |       |       |       |     7 ||     7
   Fire: Shortbow          |    88 |    56 |       |       ||   144
         Sling             |       |    61 |   355 |   208 ||   624
  Evoke: Wand              |       |       |     2 |       ||     2
    Use: Scroll            |     3 |     6 |     6 |     1 ||    16
         Potion            |       |     2 |     4 |     3 ||     9
 Armour: Leather armour    |     5 |    11 |    10 |       ||    26
         Ring mail         |       |       |    34 |    51 ||    85
  Dodge: Dodged            |    41 |    44 |   199 |   215 ||   499
  Block: Other             |       |       |    54 |    61 ||   115
         Reflection        |       |       |     2 |       ||     2

Table legend: (Time is in decaauts)
 A = Elapsed time spent in this place.
 B = Non-inter-level travel time spent in this place.
 C = Inter-level travel time spent in this place.
 D = Time resting spent in this place.
 E = Time spent auto-exploring this place.
 F = Levels seen in this place.
 G = Mean time per level.
                   A        B        C        D        E       F      G
               +--------+--------+--------+--------+--------+-----+--------+
         Total |   9799 |   9492 |    307 |   2310 |   5890 |   9 | 1088.8 |
       Dungeon |   9460 |   9190 |    270 |   2310 |   5600 |   8 | 1182.5 |
        Temple |    338 |    302 |     36 |      0 |    290 |   1 |  338.0 |
               +--------+--------+--------+--------+--------+-----+--------+

Top non-repeatable levels by time:
     D:6: 1786 daAuts
     D:3: 1757 daAuts
     D:5: 1579 daAuts
     D:7: 1466 daAuts
     D:4: 1238 daAuts
     D:1: 763 daAuts
     D:2: 642 daAuts
  Temple: 338 daAuts
     D:8: 226 daAuts
